 Dungeon Crawl Stone Soup version 0.27.1-33-g824d729ab1 (webtiles) character file.

Game seed: 9589558848377720959

35 zeram the Skirmisher (level 3, 0/33 HPs)
             Began as a Hill Orc Fighter on Nov 28, 2021.
             Slain by a gnoll (2 damage)
             ... on level 2 of the Dungeon.
             The game lasted 00:01:09 (1534 turns).

zeram the Skirmisher (Hill Orc Fighter)             Turns: 1534, Time: 00:01:11

Health: 0/33       AC:  6    Str: 19    XL:     3   Next: 35%
Magic:  3/3        EV:  7    Int:  8    God:
Gold:   12         SH:  9    Dex: 10    Spells: 2/2 levels left

rFire    . . .     SeeInvis .   a - +0 war axe
rCold    . . .     Faith    .   c - +0 kite shield
rNeg     . . .     Spirit   .   b - +0 scale mail
rPois    .         Reflect  .   (no helmet)
rElec    .         Harm     .   (no cloak)
rCorr    .         Rampage  .   (no gloves)
Will     .....                  (no boots)
Stlth    ..........             (no amulet)
HPRegen  0.11/turn              (no ring)
MPRegen  0.08/turn              (no ring)

@: no status effects
A: no striking features
a: no special abilities


You were on level 2 of the Dungeon.
You visited 1 branch of the dungeon, and saw 2 of its levels.

You collected 12 gold pieces.

Inventory:

Hand Weapons
 a - a +0 war axe (weapon)
Armour
 b - a +0 scale mail (worn)
 c - a +0 kite shield (worn)
Scrolls
 e - 5 scrolls of identify {unknown}
 i - 2 scrolls of torment {unknown}
 j - 3 scrolls of magic mapping {unknown}
 k - a scroll of enchant armour {unknown}
 l - a scroll of amnesia {unknown}
Potions
 d - a potion of might
 f - a potion of lignification {unknown}
 g - a potion of haste {unknown}
 h - a potion of flight {unknown}


   Skills:
 + Level 4.0 Fighting
 + Level 3.5 Axes
 + Level 3.6 Armour
 + Level 3.6 Shields


You had 2 spell levels left.
You didn't know any spells.
Your spell library was empty.

Dungeon Overview and Level Annotations

Branches:
Dungeon (2/15)

Altars:


Message History

No target in view!
No target in view!
No target in view!
No target in view!
No target in view!
No target in view!
No target in view!
No target in view!
No target in view!
No target in view!
No target in view!
No target in view!
No target in view!
No target in view!
No target in view!
No target in view!
Found a scroll labelled GYPRUN JOLUZ.
Found 28 stones.
A gnoll comes into view. It is wielding a +0 whip.
The gnoll shouts!
A gnoll is nearby!
A gnoll is nearby!
A gnoll comes into view. It is wielding a +0 club.
A gnoll comes into view. It is wielding a +0 flail.
The gnoll shouts! x2
Found a book of Touch.
The gnoll hits you with a +0 whip!
You see here a scroll labelled GYPRUN JOLUZ.
Your shield and scale mail prevent you from hitting the gnoll.
The gnoll hits you with a +0 whip. You block the gnoll's attack.
You closely miss the gnoll. The gnoll hits you but does no damage.
You barely miss the gnoll. The gnoll hits you with a +0 club.
The gnoll hits you but does no damage.
You slash the gnoll!
The gnoll is severely wounded.
You hit the gnoll. x2; The gnoll barely misses you.
You block the gnoll's attack. The gnoll hits you with a +0 flail.
The gnoll closely misses you. The gnoll hits you with a +0 flail!
* * * LOW HITPOINT WARNING * * *
The gnoll hits you with a +0 club.
You die...

........#... ..>................
........#..####..................
.................................
##...............................
.. ..................... .
............##......
:..#+##.........##......
......g.........###.....
......g@................
......g.................
........................
......(.................
........................
########################


You could see 3 gnolls.

Vanquished Creatures
  A worm (D:2)
  2 dart slugs (D:2)
  2 ball pythons (D:1)
  2 endoplasms
  A goblin (D:2)
  A hobgoblin (D:2)
  7 jackals
  A kobold (D:1)
  2 quokkas
  2 bats
  3 frilled lizards
  A rat (D:2)
25 creatures vanquished.

Notes
Turn   | Place    | Note
-------+----------+-------------------------------------------
     0 | D:1      | zeram the Hill Orc Fighter began the quest for the Orb.
     0 | D:1      | Reached XP level 1. HP: 19/19 MP: 1/1
   488 | D:1      | Reached XP level 2. HP: 24/27 MP: 2/2
   618 | D:1      | Found a faded altar of an unknown god.
   955 | D:2      | Reached skill level 4 in Fighting
  1237 | D:2      | Reached XP level 3. HP: 24/33 MP: 3/3
  1534 | D:2      | Slain by a gnoll

Illustrated notes

Levels and vault maps discovered:
D:1:      eino_arrival_water_star, layout_basic,
          chequers_ecumenical_altar_simple
D:2:      layout_basic, uniq_sigmund

Skill      XL: |  1  2 |
---------------+-------+-----
Fighting       | 4 |  4.0
Axes           | 3 |  3.5
Armour         | |  3.6
Shields        | |  3.6

Action                   || total
-------------------------++-------
Melee: War axe           ||    92
Armor: Scale mail        ||    44
Dodge: Dodged            ||    41
Block: Kite shield       ||    63
